 Dungeon Crawl Stone Soup version 0.24-a0-271-ga0fc33f724 (webtiles) character file.

Game seed: 2235467292410125653

6846 Redear the Fighter (level 10, -4/82 HPs)
             Began as a Mummy Fighter on Apr 23, 2019.
             Was an Elder of Okawaru.
             Slain by Erolcha
             ... wielding a +0 giant spiked club
              (30 damage)
             ... on level 9 of the Dungeon.
             The game lasted 00:24:54 (10786 turns).

Redear the Fighter (Mummy Fighter)                 Turns: 10786, Time: 00:24:54

Health: -4/82      AC:  9    Str: 26    XL:     10   Next: 78%
Magic:  13/13      EV:  9    Int: 12    God:    Okawaru [****..]
Gold:   496        SH: 12    Dex: 13    Spells: 9/9 levels left

rFire    x . .     SeeInvis .   w - +1 whip (elec)
rCold    + . .     Gourm    .   c - +1 shield
rNeg     + + +     Faith    .   s - +0 ring mail (curse)
rPois    ∞         Spirit   .   u - +0 hat of Repulsion {Str+4 Int+5} (curse)
rElec    .         Reflect  .   d - +0 cloak
rCorr    .         Harm     .   (no gloves)
MR       +....                  g - +0 pair of boots
Stlth    +.........             (no amulet)
HPRegen  0.23/turn              (no ring)
MPRegen  0.13/turn              (no ring)

@: no status effects
A: no food or potions, fire vulnerability, cold resistance 1, negative energy
resistance 3, torment resistance, unbreathing
a: Heroism, Renounce Religion


You were on level 9 of the Dungeon.
You worshipped Okawaru.
Okawaru was greatly pleased with you.
You were not hungry.

You visited 2 branches of the dungeon, and saw 11 of its levels.
You also visited: Ossuary.

You collected 496 gold pieces.

Inventory:

Hand Weapons
 a - a +0 war axe
 f - a +0 whip
 k - a +2 short sword of venom
 o - a +2 war axe of flaming
 v - a +0 hand axe of electrocution
 w - a +1 whip of electrocution (weapon)
Armour
 b - a +0 scale mail
 c - a +1 shield (worn)
 d - a +0 cloak (worn)
 g - a +0 pair of boots (worn)
 s - a cursed +0 ring mail (worn)
 u - the cursed +0 hat of Repulsion (worn) {Str+4 Int+5}
   (You found it on level 6 of the Dungeon)

   It affects your strength (+4).
   It affects your intelligence (+5).
   It has a curse placed upon it.
Magical Staves
 y - an uncursed staff of conjuration {unknown}
Jewellery
 r - an uncursed amulet of regeneration {+Regen}
 t - an uncursed amulet of rage {unknown}
Wands
 j - a wand of random effects (17)
 q - a wand of polymorph (17)
 E - a wand of enslavement (7)
Scrolls
 e - 4 scrolls of amnesia
 h - 4 scrolls of enchant weapon
 i - a scroll of immolation
 l - 3 scrolls of noise
 n - 2 scrolls of random uselessness
 N - 7 scrolls of remove curse {@r2}
 R - a scroll of identify {@r1}


   Skills:
 + Level 8.5 Fighting
 + Level 6.8 Axes
 + Level 7.1 Armour
 + Level 7.1 Shields
 + Level 4.3 Invocations


You had 9 spell levels left.
You didn't know any spells.
Your spell library was empty.

Dungeon Overview and Level Annotations

Branches:
Dungeon (10/15)            Temple (1/1) D:6
   Lair: D:8-11         Orc: D:9-12

Altars:
Ashenzari
Cheibriados
Dithmenos
Elyvilon
Fedhas
Gozag
Hepliaklqana
Kikubaaqudgha
Makhleb
Nemelex Xobeh
Okawaru
Qazlal
Ru
Sif Muna
Trog
Uskayaw
Vehumet
Wu Jian
Xom
Yredelemnul
Zin
The Shining One

Shops:
D:4 (   D:5 (

Annotations:
D:9 Erolcha


Innate Abilities, Weirdness & Mutations

You do not eat or drink.
Your flesh is vulnerable to fire.
You are immune to poison.
Your flesh is cold resistant. (rC+)
You are immune to negative energy. (rN+++)
You are immune to unholy pain and torment.
You can survive without breathing.


Message History

Unknown command.
There is an open door here.
You can't drink.
Unknown command.
You can't eat.
Unknown command.
As you read the scroll labeled BOYTIE PIJIONO, it crumbles to dust.
It is a scroll of enchant armour.
Your +0 shield glows green for a moment.
Erolcha screams, "Erolcha crush your head!"
Unknown command.
You don't know any spells.
Unknown command.
Unknown command.
Unknown command.
Unknown command.
You completely miss Erolcha.
Erolcha is severely wounded.
Erolcha hits you with a +0 giant spiked club!!
You die...

#...#+## #.....###+##..<.)...%
#.#.# #..##.#.O..#.##.)#..#
#...+ #. . #.##.#.........
#...# . .###§##.####......
#.#.# ...#§§§§§.# #.....# #.#.#
..# #§§§#..# #......
#...#####... ##§§#######......
#..........#####§§#...#.##'#...
#.##..#..#.#..@O§§#.#.#....#...
#..........'...#..#.#.#....#...
#....#######..#####...######...
#.##.#....#####................
#....'....'.........#.....#(>..
#.)..#....#.#†........)..((....
#.#..#....#.#...##.####'####...
#[#..#.##.#.....##.#.......#...
#)...####.#.!......#########...


You could see Erolcha.

Vanquished Creatures
  A two-headed ogre (D:8)
  Pikel (D:6)
  2 hornets
  A hippogriff (D:9)
  5 yaks
  A wyvern (D:8)
  A water moccasin (D:8)
  3 orc warriors
  A sky beast (D:8)
  4 ice beasts
  A slave (D:6)
  2 phantoms
  A necrophage (D:5)
  4 ogres
  2 centaurs
  2 crocodiles
  3 big kobolds
  7 bullfrogs
  A water moccasin zombie (D:9)
  2 scorpions
  3 killer bees (D:8)
  5 howler monkeys
  4 crimson imps
  2 centaur zombies
  A jelly (D:7)
  2 bullfrog zombies
  A quasit (D:9)
  6 hounds
  A centaur skeleton (D:5)
  6 orc priests
  3 bullfrog skeletons
  A human zombie (Ossuary)
  2 iguanas
  3 orc wizards
  5 worker ants
  2 hound skeletons
  2 mummies (Ossuary)
  A worker ant zombie (D:6)
  9 adders
  3 shadow imps
  3 adder zombies (Ossuary)
  2 adder skeletons
  3 worms
  4 dart slugs
  4 leopard geckos
  24 orcs
  4 giant cockroaches
  5 goblins
  5 hobgoblins
  13 jackals
  19 kobolds
  3 quokkas
  3 ball pythons
  2 bats
  5 frilled lizards
  A goblin zombie (Ossuary)
  6 hobgoblin zombies (Ossuary)
  A jackal zombie (Ossuary)
  9 kobold zombies (Ossuary)
  A leopard gecko zombie (D:5)
  12 orc zombies (Ossuary)
  A quokka skeleton (D:7)
  13 rats
  3 rat zombies (Ossuary)
253 creatures vanquished.

Notes
Turn   | Place    | Note
-------+----------+-------------------------------------------
     0 | D:1      | Redear the Mummy Fighter began the quest for the Orb.
     0 | D:1      | Reached XP level 1. HP: 18/18 MP: 1/1
   334 | D:1      | Reached XP level 2. HP: 19/24 MP: 2/2
  1044 | D:2      | Reached skill level 2 in Axes
  1044 | D:2      | Reached XP level 3. HP: 25/29 MP: 3/3
  1335 | D:2      | Found a glowing silver altar of Zin.
  1588 | D:2      | Reached skill level 3 in Armour
  1588 | D:2      | Reached XP level 4. HP: 35/35 MP: 4/4
  1639 | D:3      | Found a shadowy altar of Dithmenos.
  1814 | D:3      | Reached skill level 3 in Shields
  2177 | D:4      | Reached XP level 5. HP: 41/42 MP: 5/5
  2186 | D:4      | Found a sand-covered staircase.
  2248 | Ossuary  | Entered an ossuary
  2439 | Ossuary  | Reached skill level 4 in Fighting
  2744 | D:4      | Reached XP level 6. HP: 38/48 MP: 6/6
  3005 | D:4      | Reached skill level 3 in Axes
  3304 | D:4      | Found a shattered altar of Ashenzari.
  3346 | D:4      | Found Oniq's Weapon Shop.
  3374 | D:4      | Found a sparkling altar of Nemelex Xobeh.
  3694 | D:5      | Entered Level 5 of the Dungeon
  3736 | D:5      | Found an opulent altar of Gozag.
  3776 | D:5      | Noticed an ice beast
  3801 | D:5      | Reached skill level 4 in Armour
  3801 | D:5      | Reached XP level 7. HP: 41/55 MP: 7/7
  3829 | D:5      | Reached skill level 5 in Fighting
  3829 | D:5      | Reached skill level 4 in Shields
  4197 | D:5      | Found Joqok's Antique Weapon Shoppe.
  4265 | D:5      | Found a radiant altar of Vehumet.
  4265 | D:5      | Found an ancient bone altar of Kikubaaqudgha.
  4407 | D:5      | Found a glowing golden altar of the Shining One.
  4572 | D:5      | Found a white marble altar of Elyvilon.
  4862 | D:6      | Reached skill level 4 in Axes
  5028 | D:6      | Got a slimy hat
  5065 | D:6      | Reached XP level 8. HP: 57/63 MP: 8/8
  5080 | D:6      | Found a staircase to the Ecumenical Temple.
  5414 | Temple   | Entered the Ecumenical Temple
  5652 | Temple   | Became a worshipper of Warmaster Okawaru
  6101 | D:6      | Reached skill level 6 in Fighting
  6101 | D:6      | Reached skill level 5 in Armour
  6103 | D:6      | Reached skill level 5 in Shields
  6157 | D:6      | Noticed Pikel
  6196 | D:6      | Killed Pikel
  6196 | D:6      | Reached * piety under Okawaru
  6196 | D:6      | Reached skill level 5 in Axes
  6451 | D:6      | Identified the cursed +0 hat of Repulsion {Str+4 Int+5}
                  | (You found it on level 6 of the Dungeon)
  6472 | D:7      | Reached XP level 9. HP: 60/71 MP: 9/9
  6483 | D:7      | Reached ** piety under Okawaru
  6698 | D:7      | Reached skill level 7 in Fighting
  6783 | D:7      | Reached skill level 1 in Invocations
  6885 | D:7      | Reached skill level 6 in Armour
  6917 | D:7      | You fall through a shaft for 3 floors!
  6917 | D:10     | Entered Level 10 of the Dungeon
  6993 | D:9      | Reached skill level 6 in Shields
  7110 | D:9      | Noticed Erolcha
  7124 | D:9      | Reached *** piety under Okawaru
  7124 | D:9      | Reached skill level 2 in Invocations
  7255 | D:9      | Reached skill level 6 in Axes
  7305 | D:8      | Reached XP level 10. HP: 37/80 MP: 8/12
  8084 | D:7      | Found a sacrificial altar of Ru.
  8167 | D:8      | Reached skill level 3 in Invocations
  8278 | D:8      | Found a hazy altar of Hepliaklqana.
  8334 | D:8      | Noticed a two-headed ogre
  8555 | D:8      | Killed a two-headed ogre
  8555 | D:8      | Reached **** piety under Okawaru
  8555 | D:8      | Reached skill level 8 in Fighting
  9943 | D:9      | Reached skill level 7 in Armour
 10289 | D:8      | Reached skill level 4 in Invocations
 10487 | D:9      | Reached skill level 7 in Shields
 10765 | D:9      | Paralysed by Erolcha for 6 turns
 10786 | D:9      | Slain by Erolcha

Levels and vault maps discovered:
D:1:      saegor_arrival_simple_a, layout_basic
D:2:      layout_basic, marbit_many_paths
D:3:      layout_basic, nicolae_dithmenos_shadow_blocks, wad_rectangle_vault
D:4:      layout_basic, lemuel_crystal_altar, nemelex_altar_shiori,
          first_ration, serial_shops, kennysheep_mini_moat, enter_ossuary_2
D:5:      layout_cave_pools, nicolae_tso_swordbearing_angel,
          lemuel_doored_altar, gammafunk_temple_overflow_wave, serial_shops,
          nicolae_shop_stone, grunt_gozag_statues
D:6:      lemuel_ice_spiral_2, layout_basic, temple_pool_b, uniq_pikel
D:7:      layout_rooms, nicolae_ru_path_of_blood
D:8:      layout_gridville, lemuel_round_altar
D:9:      layout_stronghold, uniq_erolcha
D:10:     layout_grid_maze, grunt_tengu_nest, kennysheep_generic_room_3
Temple:   minmay_temple_forest_path
Ossuary:  ossuary_tomb_1

Skill      XL: |  1  2  3  4  5  6  7  8  9 10 |
---------------+-------------------------------+-----
Axes           | 2 3 4 5 6 |  6.8
Armour         | 3 4 5 6 7 |  7.1
Shields        | 3 4 5 6 7 |  7.1
Fighting       | 4 5 6 7 8 |  8.5
Invocations    | 2 4 |  4.3

Action                   |  1- 3 |  4- 6 |  7- 9 | 10-12 || total
-------------------------+-------+-------+-------+-------++-------
Melee: War axe           |    13 |       |       |       ||    13
       Whip              |   184 |   582 |   643 |   329 ||  1738
       Hand axe          |       |       |   110 |       ||   110
Invok: Heroism           |       |       |     5 |     9 ||    14
Evoke: Wand              |       |       |       |     6 ||     6
  Use: Scroll            |       |       |    11 |     7 ||    18
Armor: Scale mail        |   105 |   270 |   287 |    42 ||   704
       Ring mail         |       |       |       |    53 ||    53
Dodge: Dodged            |   103 |   259 |   287 |   109 ||   758
Block: Shield            |       |       |   118 |   167 ||   285

Table legend:
 A = Non-vault XP
 B = Vault XP
 C = Vault XP percentage of total XP
 D = Non-vault monster count
 E = Vault monster count
 F = Vault count percentage of total count
                 A         B        C        D         E       F
            +---------+---------+-------+---------+---------+-------
      Total |    8916 |     865 |   8.8 |     206 |      46 |  18.3
            +---------+---------+-------+---------+---------+-------
        D:1 |      31 |       0 |   0.0 |      19 |       0 |   0.0
        D:2 |      62 |       4 |   6.1 |      21 |       1 |   4.5
        D:3 |      65 |      14 |  17.7 |      15 |       5 |  25.0
        D:4 |     346 |       0 |   0.0 |      15 |       0 |   0.0
        D:5 |     490 |       0 |   0.0 |      18 |       0 |   0.0
        D:6 |     912 |     673 |  42.5 |      22 |       1 |   4.3
        D:7 |    1513 |       0 |   0.0 |      27 |       0 |   0.0
        D:8 |    2836 |       0 |   0.0 |      37 |       0 |   0.0
        D:9 |    2658 |       0 |   0.0 |      31 |       0 |   0.0
       D:10 |       3 |       0 |   0.0 |       1 |       0 |   0.0
    Ossuary |       0 |     174 | 100.0 |       0 |      39 | 100.0
            +---------+---------+-------+---------+---------+-------
